 Dungeon Crawl Stone Soup version 0.31-a0-8-gd14b0f4ee2 (webtiles) character file.

Game seed: 2803316178598663186

57 voltaire321 the Gusty (level 4, 0/25 HPs)
             Began as a Tengu Air Elementalist on May 7, 2023.
             Succumbed to an adder's poison
             ... on level 3 of the Dungeon.
             The game lasted 00:04:43 (1797 turns).

voltaire321 the Gusty (Tengu Air Elementalist)      Turns: 1797, Time: 00:04:44

Health: 0/25       AC:  2    Str: 10    XL:     4   Next: 0%
Magic:  5/8        EV: 12    Int: 15    God:
Gold:   69         SH:  3    Dex: 15    Spells: 1/7 levels left

rFire   . . .        k - +0 short sword (freeze)
rCold   . . .        o - +0 buckler
rNeg    . . .        a - +0 robe
rPois   .            (helmet restricted)
rElec   .            (no cloak)
rCorr   .            (no gloves)
SInv    .            (boots unavailable)
Will    .....        (no amulet)
Stlth   ++           (no ring)
HPRegen 0.24/turn    (no ring)
MPRegen 0.11/turn

%: no passive effects
@: brilliant, lethally poisoned (0 -> -3), hasted, very quick
A: beak, talons 3
a: no special abilities


You were on level 3 of the Dungeon.
You visited 1 branch of the dungeon, and saw 3 of its levels.

You collected 69 gold pieces.

Inventory:

Hand Weapons
 k - a +0 short sword of freezing (weapon)
Armour
 a - a +0 robe (worn)
 o - a +0 buckler (worn)
 s - a +0 kite shield
Scrolls
 d - 2 scrolls of blinking {unknown}
 f - a scroll of teleportation {unknown}
 g - 3 scrolls of immolation {unknown}
 h - a scroll of fear {unknown}
 i - a scroll of identify {unknown}
 j - a scroll of poison {unknown}
 l - a scroll of torment {unknown}
 p - 3 scrolls of fog {unknown}
 r - a scroll of enchant armour {unknown}
 t - a scroll of noise {unknown}
 w - a scroll of vulnerability {unknown}
Potions
 b - a potion of magic
 c - 2 potions of haste
 e - a potion of invisibility {unknown}
 m - a potion of brilliance
 n - a potion of heal wounds {unknown}
 q - a potion of mutation {unknown}
 u - a potion of curing {unknown}
 v - a potion of attraction {unknown}


   Skills:
 + Level 1.0 Fighting
 + Level 1.1 Armour
 + Level 2.7 Dodging
 - Level 2.0 Stealth
 + Level 0.1 Shields
 + Level 2.3 Spellcasting
 + Level 2.3 Conjurations
 + Level 4.4 Air Magic


You had one spell level left.
You knew the following spells:

 Your Spells              Type           Power      Damage    Failure   Level
a - Shock                 Conj/Air       72%        1d7       8%          1
b - Static Discharge      Conj/Air       36%        2-4/arc   12%         2
c - Swiftness             Air            22%        N/A       16%         3

Your spell library contained the following spells:

 Spells                   Type           Power      Damage    Failure   Level
 Cigotuvi's Dreadful Rot  Necr/Pois/Air  18%        N/A       26%         2
 Airstrike                Air            11%        2d(2-18)  45%         4
 Dispel Undead            Necr           2%         3d7       97%         4
 Death Channel            Necr           1%         N/A       100%        6


Dungeon Overview and Level Annotations

Branches:
Dungeon (3/15)

Altars:
Yredelemnul


Innate Abilities, Weirdness & Mutations

You have a beak for a mouth.
You have claws for feet.


Message History

The adder is moderately wounded.
The zap misses the adder.
You feel sick. The adder bites you.
You are more poisoned.
The adder poisons you! The adder bites you but does no damage.
You barely miss the adder. Your kick misses the adder.
The adder is moderately wounded.
You feel sick. The adder barely misses you.
You barely miss the adder. You claw the adder.
The adder is severely wounded.
You feel sick. You block the adder's attack. The adder closely misses you.
You hit the adder. You freeze the adder.
The adder is severely wounded.
You feel sick. You block the adder's attack.
You barely miss the adder. Your kick misses the adder.
The adder is severely wounded.
You feel sick. The adder bites you but does no damage.
You hit the adder but do no damage.
The adder is severely wounded.
You feel sick. The adder bites you.
* * * LOW HITPOINT WARNING * * *
You are more poisoned.
The adder poisons you! The adder bites you.
* * * LOW HITPOINT WARNING * * *
Aiming: Shock (safe; 9% risk of failure)
Press: ? - help, Q - select action, (/) - cycle Shift-Dir - straight line The zap hits the adder.
You kill the adder!
* * * LOW HITPOINT WARNING * * *
You feel sick.
You have reached level 4!
You feel agile.
* * * LOW HITPOINT WARNING * * *
You feel sick.
It was a potion of haste.
You feel yourself speed up.
* * * LOW HITPOINT WARNING * * *
You feel sick.
It was a potion of brilliance.
You feel clever all of a sudden.
You die...

#... ...w ....##.#### ...
##.... #..##..... ..
#..#.^..###..####.## #
.#.S..#.....#.........
#.##.....#.#.#.##.####.##
#..............##.# #...
##.#.#####b......[## #...
#b #..†.....#......# ####
#. #....@...##.##..# #
#####.......##..###
#....#####....#
##.#.#####.##.#
###.#.......##.#
#.....########.# #.....#
#.# #.....# #.# #.....#
#.#


You could see a bat (wandering).

Vanquished Creatures
  An adder (D:3)
  A worm (D:2)
  A dart slug (D:2)
  2 bats (D:1)
  4 endoplasms
  2 giant cockroaches
  4 hobgoblins (D:1)
  2 jackals (D:2)
  A quokka (D:2)
  5 ball pythons
  A frilled lizard (D:1)
  5 goblins
  4 kobolds
  7 rats
40 creatures vanquished.

Notes
Turn   | Place    | Note
-------+----------+-------------------------------------------
     0 | D:1      | voltaire321 the Tengu Air Elementalist began the quest for
                  | the Orb.
     0 | D:1      | Reached XP level 1. HP: 10/10 MP: 4/4
   168 | D:1      | Reached XP level 2. HP: 16/16 MP: 0/6
   725 | D:1      | Found a faded altar of an unknown god.
  1110 | D:2      | Reached XP level 3. HP: 20/20 MP: 7/7
  1130 | D:2      | Learned a level 2 spell: Static Discharge
  1134 | D:2      | Learned a level 3 spell: Swiftness
  1245 | D:2      | Reached skill level 1 in Fighting
  1361 | D:2      | Reached skill level 1 in Armour
  1585 | D:2      | Found a basalt altar of Yredelemnul.
  1795 | D:3      | Reached XP level 4. HP: 2/25 MP: 5/8
  1795 | D:3      | HP: 1/25 [poisoned by an adder]
  1797 | D:3      | Succumbed to an adder's poison

Illustrated notes

Levels and vault maps discovered:
D:1:      wander_arrival_estate, layout_loops_ring,
          dilly_ecumenical_altar_fadedgnrine, minmay_small_reverse_x
D:2:      layout_rooms, basic_altar, chequers_serial_rivers_micro_d
D:3:      layout_loops_cross, minmay_misc_feat_chi, uniq_jessica

Skill      XL: |  1  2  3 |
---------------+----------+-----
Conjurations   | 2 |  2.3
Fighting       | 1 |  1.0
Armour         | 1 |  1.1
Dodging        | |  2.7
Stealth        | |  2.0
Shields        | |  0.1
Spellcasting   | |  2.3
Air Magic      | |  4.4

Action                     |  1- 3 |  4- 6 || total
---------------------------+-------+-------++-------
  Melee: Short sword       |    23 |       ||    23
         Dagger            |     2 |       ||     2
         Kick              |     4 |       ||     4
         Peck              |     3 |       ||     3
         Punch             |     1 |       ||     1
   Cast: Shock             |    72 |       ||    72
    Use: Potion            |       |     2 ||     2
   Stab: Sleeping          |     1 |       ||     1
 Armour: Robe              |     5 |       ||     5
  Dodge: Dodged            |    13 |       ||    13
  Block: Buckler           |     2 |       ||     2

Table legend: (Time is in decaauts)
 A = Elapsed time spent in this place.
 B = Non-inter-level travel time spent in this place.
 C = Inter-level travel time spent in this place.
 D = Time resting spent in this place.
 E = Time spent auto-exploring this place.
 F = Levels seen in this place.
 G = Mean time per level.
                   A        B        C        D        E       F      G
               +--------+--------+--------+--------+--------+-----+--------+
         Total |   1796 |   1765 |     31 |    271 |   1134 |   3 |  598.7 |
       Dungeon |   1796 |   1765 |     31 |    271 |   1134 |   3 |  598.7 |
               +--------+--------+--------+--------+--------+-----+--------+

Top non-repeatable levels by time:
     D:1: 1106 daAuts
     D:2: 610 daAuts
     D:3: 79 daAuts
